 Dungeon Crawl Stone Soup version 0.28.0 (webtiles) character file.

Game seed: 1658527645643818427

162 Strat the Chopper (level 5, -5/42 HPs)
             Began as a Minotaur Gladiator on Feb 10, 2022.
             Was a Priest of Jiyva.
             Slain by an ogre (24 damage)
             ... on level 6 of the Dungeon.
             The game lasted 00:03:05 (1874 turns).

Strat the Chopper (Minotaur Gladiator)              Turns: 1874, Time: 00:03:05

Health: -5/42      AC:  8    Str: 18    XL:     5   Next: 19%
Magic:  4/4        EV:  8    Int:  5    God:    Jiyva [***...]
Gold:   99         SH:  0    Dex: 14    Spells: 4/4 levels left

rFire   . . .      SeeInvis .   a - +0 war axe
rCold   . . .      Faith    .   (no shield)
rNeg    . . .      Spirit   .   g - +0 chain mail
rPois   .          Reflect  .   c - +0 hat
rElec   .          Harm     .   (no cloak)
rCorr   +          Rampage  .   (gloves unavailable)
Will    .....                   (no boots)
Stlth   ..........              (no amulet)
HPRegen 1.26/turn               (no ring)
MPRegen 0.44/turn               (no ring)

@: no status effects
A: horns 2, retaliatory headbutt, claws 3, engulf
a: Renounce Religion, Oozemancy


You were on level 6 of the Dungeon.
You worshipped Jiyva.
Jiyva was most pleased with you.
You visited 1 branch of the dungeon, and saw 5 of its levels.

You collected 99 gold pieces.

Inventory:

Hand Weapons
 a - a +0 war axe (weapon)
 b - a +0 hunting sling
Missiles
 d - 3 throwing nets (quivered)
 f - 68 stones
 h - 21 sling bullets
Armour
 c - a +0 hat (worn)
 g - a +0 chain mail (worn)
 i - a +0 pair of gloves
 k - a +0 leather armour
Potions
 e - 2 potions of resistance {unknown}


   Skills:
 + Level 2.7 Fighting
 - Level 7.0 Axes
 - Level 2.0 Throwing
 + Level 0.8 Armour
 - Level 3.2 Dodging


You had 4 spell levels left.
You didn't know any spells.
Your spell library contained the following spells:

 Spells                   Type           Power      Damage    Failure   Level
 Apportation              Tloc           0%         N/A       100%        1


Dungeon Overview and Level Annotations

Branches:
Dungeon (4/15)
 Temple: D:4-7

Altars:
Jiyva

Shops:
D:2 [


Innate Abilities, Weirdness & Mutations

You have a pair of horns on your head.
You reflexively headbutt those who attack you in melee.
You have claws for hands.
Your melee attacks may engulf your foes in ooze.


Message History

A sourceless malevolence fills the Dungeon...
You fall into a shaft and drop 2 floors!
The shaft crumbles and collapses.
You hear the sound of rushing water.
There is an entrance to a sewer on this level.
Hurry and find it before the portal rusts away!
Found 8 gold pieces and a short sword.
You now have 99 gold pieces (gained 8).
As you open the door, it creaks loudly!
There is an open door here.
A sourceless malevolence fills the Dungeon... and a teleportation trap spontaneously manifests!
You are yanked towards a nearby monster!
Your surroundings suddenly seem different.
A phantom comes into view.
Found a quarterstaff and 2 gold pieces.
Things that are here:
a +0 quarterstaff; a scroll labelled WOMIFF FOBLEED You open the door.
There is an open door here.
An ogre comes into view. It is wielding a +0 giant club.
As you read the scroll labelled XEHERI IJIDUOP, it crumbles to dust.
You hear a loud clanging noise!
It was a scroll of noise.
You hear an angry hiss.
As you read the scroll labelled FOEREN AGHO, it crumbles to dust.
Your body is wracked with pain!
* * * LOW HITPOINT WARNING * * *
The ogre convulses!
It was a scroll of torment.
The ogre hits you with a +0 giant club.
* * * LOW HITPOINT WARNING * * *
You barely miss the ogre.
The ogre is heavily wounded.
You hit the phantom. The ogre closely misses you. The phantom hits you.
* * * LOW HITPOINT WARNING * * *
The phantom blinks!
You blink.
You barely miss the ogre.
The ogre is heavily wounded.
You hit the phantom but do no damage.
The ogre hits you with a +0 giant club!!
Ouch! That really hurt!
You die...

...........####
########..$.........
#...W..')...........
#.######.........#
..... #.#
#...##+#..... ....
#W# ##### ... #...
#.# . ...#
#.########### .).#
#....§O@W...# ...#
###########.# ...#
...# ...# #'## #.#
#.# ..#


You could see a phantom and an ogre.

Vanquished Creatures
  A black bear (D:3)
  A hound (D:4)
  An adder (D:2)
  A worm (D:3)
  An orc (D:3)
  2 ball pythons
  A giant cockroach (D:1)
  5 goblins
  3 hobgoblins (D:2)
  A kobold (D:1)
  A quokka (D:3)
  7 rats
25 creatures vanquished.

Vanquished Creatures (others)
  A worm (D:3)
  An endoplasm (D:4)
  2 hobgoblins
  A ball python (D:1)
  5 rats
  4 fungi (D:1)
  9 plants (D:1)
23 creatures vanquished.

Grand Total: 48 creatures vanquished

Notes
Turn   | Place    | Note
-------+----------+-------------------------------------------
     0 | D:1      | Strat the Minotaur Gladiator began the quest for the Orb.
     0 | D:1      | Reached XP level 1. HP: 18/18 MP: 0/0
   176 | D:1      | Found a faded altar of an unknown god.
   185 | D:1      | Got Plato's Grimoire of Displacement
   186 | D:1      | Prayed at the altar of an unknown god.
   186 | D:1      | Became a worshipper of Jiyva Juerid the Shapeless
   186 | D:1      | Reached * piety under Jiyva
   433 | D:1      | Reached skill level 4 in Axes
   462 | D:1      | Reached ** piety under Jiyva
   697 | D:2      | Found Kumyosat's Antique Armour Boutique.
  1054 | D:2      | Reached XP level 2. HP: 25/25 MP: 1/1
  1317 | D:3      | Reached skill level 5 in Axes
  1318 | D:3      | Reached XP level 3. HP: 25/30 MP: 2/2
  1421 | D:3      | Reached *** piety under Jiyva
  1433 | D:3      | Noticed a black bear
  1447 | D:3      | Killed a black bear
  1448 | D:3      | Reached skill level 6 in Axes
  1448 | D:3      | Reached XP level 4. HP: 37/37 MP: 3/3
  1650 | D:3      | Gained mutation: You have sharp fingernails. [Jiyva's
                  | grace]
  1650 | D:3      | Gained mutation: You have very sharp fingernails. [Jiyva's
                  | grace]
  1650 | D:3      | Gained mutation: You have claws for hands. [Jiyva's grace]
  1650 | D:3      | Gained mutation: Your melee attacks may engulf your foes in
                  | ooze. [Jiyva's grace]
  1820 | D:4      | Reached skill level 7 in Axes
  1820 | D:4      | Reached XP level 5. HP: 42/42 MP: 4/4
  1840 | D:4      | You fall into a shaft and drop 2 floors!
  1850 | D:6      | Noticed a phantom
  1868 | D:6      | Noticed an ogre
  1874 | D:6      | Slain by an ogre

Illustrated notes

Levels and vault maps discovered:
D:1:      psy_arrival_dodecagon, layout_basic, serial_forest,
          infiniplex_forest_clump_diagonal, infiniplex_forest_clump_medium,
          infiniplex_forest_end_3, infiniplex_forest_lined_2,
          infiniplex_forest_end_1, infiniplex_forest_end_3,
          shapermc_ecumenical_altar_rom_forum, amethyst_killhole,
          minmay_fountain_box, minmay_misc_feat_alley
D:2:      layout_basic, serial_shops, shop, minmay_rat_gold_closets
D:3:      layout_basic, minivault_26
D:4:      layout_basic, mainiacjoe_overflow_concentric_impassable
D:6:      layout_basic, portal_sewer_entry_e

Skill      XL: |  1  2  3  4 |
---------------+-------------+-----
Axes           | 4 5 6 7 |  7.0
Fighting       | |  2.7
Throwing       | |  2.0
Armour         | |  0.8
Dodging        | |  3.2

Action                   |  1- 3 |  4- 6 || total
-------------------------+-------+-------++-------
Melee: War axe           |    33 |     5 ||    38
       Headbutt          |     3 |     2 ||     5
 Fire: Hunting sling     |     5 |     4 ||     9
  Use: Scroll            |       |     2 ||     2
Armor: Chain mail        |    18 |     2 ||    20
Dodge: Dodged            |    10 |     2 ||    12
